Cogmind - Beta 16.1 @@@ ROGUE MODE // 2026.04.26 @ 12:26:28 Player: JuustuToug Result: Destroyed by C4-CW1(R) with Subdweller Laser Performance ------------- Evolutions (0) 0 Regions Visited (2) 400 Robots Destroyed (18) 90 Value Destroyed (359) 359 Prototype IDs (2) 40 Alien Tech Used (0) 0 Bonus (0) 0 TOTAL SCORE: 889 Bonus ------- None Cogmind --------- Core Integrity 0/250 Matter 299/300 Energy 99/100 System Corruption 0% Temperature Cool (6) Movement Core (50) Location -10/Subcaves Parts ------- > --- POWER (1) -------- (None) > --- PROPULSION (2) --- (None) > --- UTILITY (2) ------ (None) > --- WEAPON (2) ------- (None) > --- INVENTORY (5) ---- Subdweller Power Source Heat Sink Large Storage Unit Improved Terrain Scanner Small Laser Peak State ------------ > --- POWER ------------ Ion Engine > --- PROPULSION ------- Light Treads Spiked Treads > --- UTILITY ---------- Scrap Shield > --- WEAPON ----------- Subdweller Beam Cannon Subdweller Machine Gun > --- INVENTORY -------- Ion Engine Heat Sink Large Storage Unit Improved Terrain Scanner Small Laser [Rating: 12] Favorites ----------- Power Ion Engine Engine Ion Engine Propulsion Light Treads Treads Light Treads Utility Small Storage Unit Device Seismic Detector Storage Small Storage Unit Protection Scrap Shield Weapon Small Laser Energy Gun Small Laser Energy Cannon Subdweller Beam Cannon Ballistic Gun Subdweller Machine Gun Build | -11 -10 -10 ------- Run | Yrd Mat Sub Slots Evolved . | . . . Power . | . . . Propulsion . | . . . Utility . | . . . Weapon . | . . . Parts Attached 16 | 7 5 4 Power 3 | 1 2 . Engine 3 | 1 2 . Core . | . . . Reactor . | . . . Propulsion 3 | 2 . 1 Treads 3 | 2 . 1 Leg . | . . . Wheel . | . . . Hover . | . . . Flight . | . . . Utility 5 | 2 2 1 Device 2 | 1 1 . Storage 2 | 1 1 . Processor . | . . . Hackware . | . . . Protection 1 | . . 1 Artifact . | . . . Weapon 5 | 2 1 2 Energy Gun 3 | 2 1 . Energy Cannon 1 | . . 1 Ballistic Gun 1 | . . 1 Ballistic Cannon . | . . . Launcher . | . . . Special Weapon . | . . . Impact Weapon . | . . . Slashing Weapon . | . . . Piercing Weapon . | . . . Special Melee Weapon . | . . . Unidentified Prototypes . | . . . Parts Lost 5 | . 3 2 Power 2 | . 1 1 Propulsion . | . . . Utility 2 | . 1 1 Weapon 1 | . 1 . Highest Loss Streak 3 | . 3 2 To Critical Strikes . | . . . Average Backups 5 | 2 5 5 Power . | . . 1 Propulsion . | . 1 . Utility 2 | . 2 3 Weapon 1 | . 1 1 Tool/Special . | . . . Unused Backups 9 | . 1 8 Power 1 | . . 1 Propulsion 2 | . 1 1 Utility 4 | . . 4 Weapon 2 | . . 2 Tool/Special . | . . . Average Slot Usage (%) 90 | . 99 73 Engine 12 | . 13 11 Treads 26 | . 28 24 Device 9 | . 13 1 Storage 9 | . 14 . Protection 3 | . . 10 Energy Gun 21 | . 27 11 Energy Cannon 1 | . . 5 Ballistic Gun 2 | . . 7 Peak Build Rating 12 | 7 8 12 Average Rating 7 | 5 7 9 On Entrance 5 | . 7 8 Avg Prop Armor Cover (%) . | . . . Naked Turns 52 | . . 52 Heaviest Build 35 | 14 28 35 Greatest Support 40 | 40 40 40 Greatest Overweight (x) . | . . . Average Overweight (x) . | . . . Largest Inventory Capacity 15 | 8 15 15 Average Capacity 7 | 7 9 5 Most Carried 10 | 4 8 10 Average Carried 5 | 2 5 5 Final Capacity 15 | 8 15 5 Final Carried 8 | 4 8 5 Class Distribution -------------------- 86% | Mutant 13% | Subdweller-Mutant Dominant Class ---------------- Mutant | -10/Materials Mutant | -10/Subcaves Resources | -11 -10 -10 ----------- Run | Yrd Mat Sub Matter Collected 345 | 270 25 50 Remotely . | . . . Salvage Created 632 | 145 354 133 Parts 43 | 8 18 17 Haulers Intercepted . | . . . Recyclers Shooed 1 | 1 . . Parts Field Recycled . | . . . Retrieved Matter . | . . . Parts Self-Destructed 5 | . . 5 Prevented . | . . . Parts Restored . | . . . Kills | -11 -10 -10 ------- Run | Yrd Mat Sub Combat Hostiles Destroyed 10 | . 7 3 Guns 8 | . 7 1 Cannons 2 | . . 2 Classes Destroyed 8 | 3 4 1 Worker 2 | 2 . . Builder 1 | . 1 . Tunneler 2 | 2 . . Recycler 2 | 1 1 . Operator 1 | . 1 . Swarmer 2 | . 2 . Grunt 5 | . 5 . Subdweller 3 | . . 3 Best Kill Streak 4 | 2 4 2 Combat Bots Only 3 | . 3 2 Max Kills in Single Turn 1 | 1 1 1 Gunslinging . | . . . Exploded . | . . . Melee . | . . . Uniques/NPCs Destroyed . | . . . Combat | -11 -10 -10 -------- Run | Yrd Mat Sub Hostile Shots Fired 113 | . 89 24 Missed 34 | . 22 12 Hits 79 | . 67 12 Projectile 79 | . 67 12 AOE 2 | . 1 1 Critical Strikes 2 | . . 2 Damage Taken 1099 | . 688 411 Core 255 | . 171 84 Absorbed by Shields . | . . . Core Remaining (%) 100 | 100 . . Volleys Fired 65 | 15 42 8 Largest 2 | 2 2 2 Hottest 110 | 90 90 110 Shots Fired 122 | 30 76 16 Gun 118 | 30 76 12 Cannon 4 | . . 4 Launcher . | . . . Special . | . . . Kinetic 4 | . . 4 Thermal 118 | 30 76 12 Explosive . | . . . Electromagnetic . | . . . Robot Hit Streak 21 | 11 21 7 Robot Miss Streak 4 | 2 4 1 Penetration Max . | . . . Secondary Targets 2 | . 2 . Max Gunslinging Chain 1 | . 1 . Shots Hit Robots 84 | 24 48 12 Core Hits 29 | 6 18 5 Critical Kills . | . . . Critical Parts Destroyed . | . . . Critical Strikes 1 | 1 . . Burn 1 | 1 . . Melee Attacks . | . . . Impact . | . . . Slashing . | . . . Piercing . | . . . Sneak Attacks . | . . . Combat Hostiles . | . . . Follow-up Attacks . | . . . Damage Inflicted 952 | 181 569 202 Guns 858 | 181 568 109 Cannons 81 | . . 81 Explosions . | . . . Melee . | . . . Ramming 13 | . 1 12 Kinetic 34 | . . 34 Thermal 905 | 181 568 156 Explosive . | . . . Electromagnetic . | . . . Impact . | . . . Slashing . | . . . Piercing . | . . . Highest Corruption . | . . . Average Corruption . | . . . Corruption Purged . | . . . Corruption Blocked . | . . . Overload Shots . | . . . Overflow Damage . | . . . Projectiles . | . . . Explosions . | . . . Melee . | . . . Knockbacks . | . . . Impact . | . . . Kinetic . | . . . Secondary . | . . . Self-Inflicted Damage 12 | . . 12 Shots . | . . . Rammed 1 | . 1 . Targets Rammed 1 | . 1 . Kicked . | . . . Crushed . | . . . Highest Temperature 222 | 210 222 . Average Temperature 83 | 100 74 . Received Heat Transfer 318 | . 234 84 Effects 2 | . 2 . Interference 2 | . 2 . Siege Activations . | . . . Martial Activations . | . . . Shielding Activations . | . . . Robots Disrupted . | . . . Combat Hostiles . | . . . Robots Corrupted . | . . . Combat Hostiles . | . . . Parts Fried . | . . . Impact Corruptions . | . . . Robots Melted . | . . . Combat Hostiles . | . . . Parts Melted 4 | 1 3 . Heat Transferred 2201 | 545 1370 286 Parts Sabotaged . | . . . Parts Stolen . | . . . Parts Stripped . | . . . Power Chain Reactions . | . . . Alert | -11 -10 -10 ------- Run | Yrd Mat Sub Maximum Alert Level . | . . . Low Security (%) 100 | 100 100 . Level 1 . | . . . Level 2 . | . . . Level 3 . | . . . Level 4 . | . . . Level 5 . | . . . High Security . | . . . Max Security . | . . . Peak Influence 71 | 10 71 . Initial . | . . . Average 17 | 1 20 . Influence Increases 224 | 25 199 . Destroy 0b10 Robot/C 140 | . 140 . Destroy 0b10 Robot/NC 40 | 25 15 . Destroy Leader 30 | . 30 . Successful Hack 14 | . 14 . Influence Decreases 224 | 25 185 14 Entered New Map 7 | . . 7 Time Decay 187 | 25 155 7 Lost Part 30 | . 30 . Squads Dispatched 2 | . 2 . Investigation 1 | . 1 . Extermination . | . . . Reinforcement 1 | . 1 . Assault . | . . . Garrison . | . . . Intercept . | . . . Searches Triggered . | . . . Construction Impeded . | . . . Haulers Reinforced . | . . . Active Scanning Responses . | . . . Cargo Convoy Interrupts . | . . . Stealth | -11 -10 -10 --------- Run | Yrd Mat Sub Distress Signals . | . . . Communications Jammed . | . . . Distress Signals . | . . . Times Spotted 24 | . 10 14 Peak Tracking Total 7 | . 5 7 Tactical Retreats 1 | . . 1 Traps | -11 -10 -10 ------- Run | Yrd Mat Sub Traps Triggered 3 | . 1 2 Indirectly . | . . . Trap Hack Attempts . | . . . Triggered . | . . . Disarmed . | . . . Reprogrammed . | . . . Reused . | . . . Traps Extracted . | . . . Installed . | . . . Triggered . | . . . Machines | -11 -10 -10 ---------- Run | Yrd Mat Sub Machines Disabled . | . . . Max in Single Turn . | . . . Machines Repaired . | . . . Machines Dismantled . | . . . Machines Sabotaged . | . . . Overloaded Fab Kills . | . . . Hacking | -11 -10 -10 --------- Run | Yrd Mat Sub Machines Accessed 4 | . 3 1 Terminals 2 | . 2 . Fabricators . | . . . Repair Stations 1 | . 1 . Recycling Units . | . . . Scanalyzers . | . . . Garrison Access . | . . . Total Hacks 14 | . 10 4 Successful 9 | . 5 4 Failed 5 | . 5 . Catastrophic 1 | . 1 . Database Lockouts . | . . . Manual 3 | . 3 . Terminals 8 | . 8 . Fabricators . | . . . Repair Stations 2 | . 2 . Recycling Units . | . . . Scanalyzers . | . . . Garrison Access . | . . . Terminal Hacks 6 | . 2 4 Record 4 | . . 4 Prototype ID Bank 1 | . 1 . Branch Access Points 1 | . 1 . Fabricator Hacks . | . . . Repair Station Hacks 1 | . 1 . Scan Component 1 | . 1 . Recycling Unit Hacks . | . . . Scanalyzer . | . . . Garrison Access Hacks . | . . . Unauthorized Hacks 2 | . 2 . Terminals 2 | . 2 . Botnet 2 | . 2 . Fabricators . | . . . Repair Stations . | . . . Recycling Units . | . . . Scanalyzers . | . . . Garrison Access . | . . . Data Cores Recovered . | . . . Used . | . . . Hacking Detections 3 | . 3 . Full Trace Events . | . . . Feedback Events . | . . . Feedback Blocked . | . . . Robot Schematics Acquired . | . . . Robots Built . | . . . Authchips . | . . . Time . | . . . Total Robot Build Rating . | . . . Part Schematics Acquired . | . . . Parts Built . | . . . Authchips . | . . . Time . | . . . Total Part Build Rating . | . . . Part Studies Acquired . | . . . Parts Repaired . | . . . Time . | . . . Parts Recycled . | . . . Recycled Matter . | . . . Retrieved Matter . | . . . Retrieved Components . | . . . Parts Scanalyzed . | . . . Part Schematics Acquired . | . . . Parts Damaged . | . . . Bothacking | -11 -10 -10 ------------ Run | Yrd Mat Sub Used RIF Installer . | . . . Robots Hacked . | . . . Non-combat . | . . . Combat . | . . . Robot Hacks Applied . | . . . Relay Couplers Released . | . . . Fabnet Peak Effective % . | . . . Robots Rewired . | . . . Allies Hacked . | . . . Hacks Repelled . | . . . Allies | -11 -10 -10 -------- Run | Yrd Mat Sub Total Allies . | . . . Largest Group . | . . . Highest-Rated Group . | . . . Highest-Rated Ally . | . . . Total Orders . | . . . Ally Attacks . | . . . Total Damage . | . . . Kills . | . . . Allies Corrupted . | . . . Allies Melted . | . . . Intel | -11 -10 -10 ------- Run | Yrd Mat Sub Active Infowar (turns) 434 | 19 415 . Seismic 434 | 19 415 . Robot Analysis Total . | . . . Derelict Logs Recovered 1 | . . 1 Drone Launches . | . . . Drone Recoveries . | . . . Exploration | -11 -10 -10 ------------- Run | Yrd Mat Sub Turns Passed 1201 | 161 669 371 Spaces Moved 542 | 66 228 248 Core 82 | 3 . 79 Treads 460 | 63 228 169 Legs . | . . . Wheels . | . . . Hover . | . . . Flight . | . . . Fastest Speed 50 | 50 160 50 Average Speed 143 | 155 160 124 Slowest Speed 160 | 160 160 160 Overloaded Moves . | . . . Propulsion Burnouts . | . . . Robots Hopped . | . . . Potential Cave-ins . | . . . Cave-ins Triggered . | . . . Exploration Rate (%) 19 | 6 38 14 Regions Visited 2 Branch Regions 1 Pre-discovered Areas 1 | . . 1 Known Exits Taken . | . . . Unknown Exits Taken 2 | 1 1 . Scrap Searched 5 | . . 5 Spaces Dug . | . . . Terrain Destroyed . | . . . Melee . | . . . Projectile . | . . . AOE . | . . . Terrain Rammed 1 | . . 1 Walls Destroyed . | . . . Machines Disabled . | . . . Actions | -11 -10 -10 --------- Run | Yrd Mat Sub Total 839 | 91 456 292 Wait 191 | . 172 19 Move 540 | 65 227 248 Hop . | . . . Pick Up 16 | 4 7 5 Fast Attach 10 | 7 . 3 Attach 4 | . 3 1 Detach . | . . . Swap 2 | . 2 . Drop 9 | . 2 7 Fire 65 | 15 42 8 Melee . | . . . Ram 1 | . . 1 Kick . | . . . Crush 1 | . 1 . Escape Stasis . | . . . Rewire . | . . . Trap . | . . . Miscellaneous . | . . . Route ------- -11/Scrapyard -10/Materials (discovered 4 exits: [*Mat] / *Min x2 / *Sub) -10/Subcaves (discovered 3 exits: Mat x2 / Rec) History --------- Turn | Location | Event 8 | -11/Scrapyard | Discovered new exit (range 15) 162 | -11/Scrapyard | Entered Materials 316 | -10/Materials | Build established: Mutant 594 | -10/Materials | Core integrity fell below 50% 608 | -10/Materials | Lost 3 parts (1p1u1w) 698 | -10/Materials | Discovered new exit (range 5) 763 | -10/Materials | Discovered new exit (range 9) 818 | -10/Materials | Discovered new exit (range 8) 830 | -10/Materials | Identified exit to Mines 831 | -10/Materials | Entered Subcaves 832 | -10/Subcaves | Approached by a straggling Scientist 893 | -10/Subcaves | Learned Materials emergency access door positions 1106 | -10/Subcaves | Visited Clippyterm 1111 | -10/Subcaves | Identified exit to Materials 1111 | -10/Subcaves | Identified exit to Recycling 1111 | -10/Subcaves | Learned location of Extension (-4) 1137 | -10/Subcaves | Ambushed by swarm of Subdwellers 1138 | -10/Subcaves | Ambushed by Subdwellers from Twisted Machinery 1141 | -10/Subcaves | Ambushed by Subdwellers from Twisted Machinery 1141 | -10/Subcaves | Ambushed by Subdwellers from Twisted Machinery 1150 | -10/Subcaves | Released all parts (4) 1166 | -10/Subcaves | A swath of the cavern ceiling suddenly collapsed 1171 | -10/Subcaves | Core integrity fell below 20% 1182 | -10/Subcaves | Lost 5 allies 1202 | -10/Subcaves | Destroyed by C4-CW1(R) with Subdweller Laser Last Messages --------------- 01147_ 7I-087(g) destroyed. 01148_ 7M-SU3(h) suffers critical hit (Destroy). 01148_ 7M-SU3(h) destroyed. 01149_ Scrap Shield destroyed. 01149_ DV-LNJ(R) affixes Scrap Shield Fragment to Scrap Shield. 01150_ 9N-021(R) affixes Scrap Shield Fragment to Scrap Shield. 01150_ Released Sub. Beam Cannon. 01150_ Released Spk. Treads. 01150_ Released Lgt. Treads. 01150_ Released Sub. Machine Gun. 01151_ 88-H1Z(g) destroyed. 01151_ WY-CY9(c) destroyed. 01152_ C4-CW1(R) emerges from the Twisted Machinery. A swath of the cavern ceiling suddenly collapses. 01170_ Slammed into Earth. 01170_ Destabilizing: Core damaged (-2). Map ----- +----------------------------------------------------+ | ?????????????# #"# ### ##?? #???????????? | | ?????????????# #"###?#### # # #????????????? | | ?????????????# ???????# #????????????? | | ?????????????# ???????# ##????????????? | | ?????????????## ???????# # # #?????????????? | | ??????????????# ????#### ###? #?????????????? | | ????????????### ##?## ##????##?????????????? | | ????????????# ### ##????????????????????? | | ????????????# # ##????????????????????? | | ????????????# ## #????????????????????? | | ?????????????# ## ####????????????????????? | | ????????## ???# #???????????????????????? | | ????????# ### ##???????????????????????? | | ????????# ##???????????????????????? | | ????????# ##??????????????????????? | | ?????????# ## #??????????????????????? | | ?????????#? ???## ##??????????????????????? | | ????????????????# ## ##???????????????????????? | | ???????????????## ### #????????????????????????? | | ???????????????# #?## #????????????????????????? | | ???????????????## ######????????????????????????? | | ???????????????## ##;##????????????????????????? | | ???????????????# #RR;###??????????????????????? | | ???????????????# #;R; #;#??????????????????????? | | ???????????????### ###;R;;# ????????????????? | | ?????????????????###### ;@# #####???????????????? | | ????????????????????#;;;;;# #???????????????????? | | ????????????????????##;#;;#?? #?????????????????? | | ???????????????????##;##;##???? #????????????????? | | ???????????????????# "";##????